 Dungeon Crawl Stone Soup version 0.31-a0-664-g902f515a81 (webtiles) character file.

Game seed: 17234790399467523388

114 jlumianski the Chopper (level 4, -1/36 HPs)
             Began as a Demonspawn Fighter on Sept 3, 2023.
             Slain by an orc wizard
             ... wielding a +0 dagger
              (3 damage)
             ... on level 2 of the Dungeon.
             The game lasted 00:03:51 (1313 turns).

jlumianski the Chopper (Demonspawn Fighter)         Turns: 1313, Time: 00:03:52

Health: -1/36      AC: 11    Str: 19    XL:     4   Next: 67%
Magic:  4/4        EV:  7    Int:  9    God:
Gold:   119        SH:  4    Dex: 12    Spells: 3/3 levels left

rFire   . . .        a - +0 war axe
rCold   . . .        c - +0 buckler
rNeg    . . .        k - +0 chain mail
rPois   .            (no helmet)
rElec   .            (no cloak)
rCorr   .            (no gloves)
SInv    .            f - +0 pair of boots
Will    +....        (no amulet) Stlth
                     (no ring)
HPRegen 0.26/turn    (no ring)
MPRegen 0.09/turn

%: no passive effects
@: enlightened, flying
A: rugged brown scales 1, powered by pain 1
a: no special abilities


You were on level 2 of the Dungeon.
You visited 1 branch of the dungeon, and saw 3 of its levels.

You collected 119 gold pieces.

Inventory:

Hand Weapons
 a - a +0 war axe (weapon)
 m - the +4 mace of Equilibrium {vamp, rElec rPois rC-}
   (You found it on level 2 of the Dungeon)

   rC-:       It makes you vulnerable to cold.
   rElec:     It insulates you from electricity.
   rPois:     It protects you from poison
Missiles
 j - 5 stones
 l - 6 curare-tipped darts
Armour
 b - a +0 scale mail
 c - a +0 buckler (worn)
 f - a +0 pair of boots (worn)
 k - a +0 chain mail (worn)
Magical Staves
 s - a staff of conjuration
Talismans
 h - a flux talisman
Scrolls
 e - a scroll of enchant armour {unknown}
 i - a scroll of brand weapon {unknown}
 n - a scroll of immolation {unknown}
 o - a scroll of fog {unknown}
 p - a scroll of fear {unknown}
 q - a scroll of acquirement {unknown}
 r - a scroll of teleportation {unknown}
 t - a scroll of blinking {unknown}
Potions
 d - 2 potions of might


   Skills:
 + Level 3.3 Fighting
 + Level 3.7 Axes
 + Level 3.0 Armour
 + Level 0.1 Dodging
 + Level 3.0 Shields


You had 3 spell levels left.
You didn't know any spells.
Your spell library was empty.

Dungeon Overview and Level Annotations

Branches:
Dungeon (3/15)

Altars:


Innate Abilities, Weirdness & Mutations

You are partially covered in rugged brown scales. (AC +1, +3% HP)
You sometimes gain a little power by taking damage.


Message History

Beogh smites you!
Things that are here:
a +0 whip; 2 boomerangs Something hits you but does no damage.
You miss something. Something hits you but does no damage.
The orc priest begins to cast a cantrip, but forgets the words!
Something hits you but does no damage.
You hit something but do no damage. You closely miss the orc priest.
The orc priest calls down the wrath of Beogh upon you.
Pain shoots through your body! Something hits you but does no damage.
You barely miss something. You hit the orc priest.
The orc priest invokes the aid of Beogh against you.
Pain shoots through your body! Something hits you but does no damage.
You block the orc priest's attack. Something hits you but does no damage.
You miss something. You barely miss the orc priest.
You block the orc priest's attack. Something hits you but does no damage.
You slash something! You hit the orc priest.
The orc priest looks braver for a moment.
You hear some strange, mumbled words.
A magic dart appears from out of thin air!
The magic dart hits you but does no damage.
You closely miss something. You barely miss the orc priest.
The orc priest barely misses you. Something hits you but does no damage.
The orc priest hits you but does no damage.
Something hits you but does no damage.
You miss something. You barely miss the orc priest.
Something hits you but does no damage.
The orc priest hits you with a +0 hand axe.
You barely miss something.
You hit the orc priest but do no damage.
The orc priest calls down the wrath of Beogh upon you.
Beogh smites you!
* * * LOW HITPOINT WARNING * * *
You hear some strange, mumbled words.
A magic dart appears from out of thin air!
The magic dart hits you but does no damage.
It was a potion of enlightenment.
You feel very buoyant.
You fly up into the air.
You block the orc priest's attack. Something hits you.
You die...

##.#####<###### ..............#
##..........#.#
##########.#.#######
####.#.......#
########.##.#.#####.###########
..†.......#....## .........##
########.##....o########.###...##
#.......{@)...........#...
#######.##.....#####.##.###...##
........###....# #.#### ##.##
#######.# #).#.# #.#######.## #.#
#.##.# #..........## ##.# #.##.#
####......... #..# #.##.#
#.#####.#. #.## #.##.# #.# #.#.
#.# #.##.# #.# #.#.


You could see an orc priest.

Vanquished Creatures
  An orc priest (D:2)
  Natasha (D:3)
  2 adders (D:2)
  An orc (D:2)
  5 endoplasms (D:1)
  4 goblins
  2 hobgoblins (D:1)
  5 kobolds
  A quokka (D:1)
  11 ball pythons
  A bat (D:2)
  3 frilled lizards (D:1)
  3 rats (D:1)
40 creatures vanquished.

Notes
Turn   | Place    | Note
-------+----------+-------------------------------------------
     0 | D:1      | jlumianski the Demonspawn Fighter began the quest for the
                  | Orb.
     0 | D:1      | Reached XP level 1. HP: 18/18 MP: 1/1
   108 | D:1      | Gained mutation: You sometimes gain a little power by
                  | taking damage. [demonic ancestry]
   108 | D:1      | Reached XP level 2. HP: 24/24 MP: 2/2
   405 | D:3      | Noticed Natasha
   416 | D:3      | Killed Natasha
   417 | D:3      | Reached XP level 3. HP: 12/29 MP: 3/3
   527 | D:2      | Identified the +4 mace of Equilibrium {vamp, rElec rPois
                  | rC-}
   564 | D:2      | Gained mutation: You are partially covered in rugged brown
                  | scales. (AC +1, +3% HP) [demonic ancestry]
   564 | D:2      | Reached XP level 4. HP: 28/36 MP: 4/4
  1313 | D:2      | Slain by an orc wizard

Illustrated notes

Levels and vault maps discovered:
D:1:      spicycebolla_arrival_clurvy, layout_loops_ring
D:2:      layout_loops_ring, nicolae_grassy_gnolls
D:3:      layout_rooms, gammafunk_ghost_cemetery, serial_shops,
          nicolae_shop_tiny_real_fake_doors, minmay_tree_intersection,
          uniq_natasha

Skill      XL: |  1  2  3 |
---------------+----------+-----
Axes           | 2 3 |  3.7
Armour         | 3 |  3.0
Shields        | 3 |  3.0
Fighting       | |  3.3
Dodging        | |  0.1

Action                     |  1- 3 |  4- 6 || total
---------------------------+-------+-------++-------
  Melee: War axe           |    47 |    66 ||   113
    Use: Potion            |       |     1 ||     1
 Armour: Scale mail        |    17 |       ||    17
         Chain mail        |    14 |    69 ||    83
  Dodge: Dodged            |    25 |    25 ||    50
  Block: Buckler           |     4 |    21 ||    25

Table legend: (Time is in decaauts)
 A = Elapsed time spent in this place.
 B = Non-inter-level travel time spent in this place.
 C = Inter-level travel time spent in this place.
 D = Time resting spent in this place.
 E = Time spent auto-exploring this place.
 F = Levels seen in this place.
 G = Mean time per level.
                   A        B        C        D        E       F      G
               +--------+--------+--------+--------+--------+-----+--------+
         Total |   1358 |   1312 |     46 |      0 |    710 |   3 |  452.7 |
       Dungeon |   1358 |   1312 |     46 |      0 |    710 |   3 |  452.7 |
               +--------+--------+--------+--------+--------+-----+--------+

Top non-repeatable levels by time:
     D:1: 834 daAuts
     D:2: 444 daAuts
     D:3: 80 daAuts
